 Dungeon Crawl Stone Soup version 0.31.0-9-g3a7656b989 (webtiles) character file.

Game seed: 1667738420081753421

30 Armakuni the Ducker (level 3, 20/20 HPs)
             Began as a Felid Cinder Acolyte on Jan 25, 2024.
             Was a High Priest of Ignis.
             Quit the game on level 1 of the Dungeon.
             The game lasted 00:03:08 (888 turns).

Armakuni the Ducker (Felid Cinder Acolyte)           Turns: 888, Time: 00:03:08

Health: 20/20      AC:  1    Str: 10    XL:     3   Next: 5%
Magic:  5/5        EV: 17    Int: 19    God:    Ignis [*****.]
Gold:   58         SH:  0    Dex: 11    Spells: 2/4 levels left
                                        Lives:  0   Deaths: 1

rFire   + .          .
                       - Unarmed
rCold   . . .        (shield unavailable)
rNeg    . . .        (body armour unavailable)
rPois   .            (helmet unavailable)
rElec   .            (cloak unavailable)
rCorr   .            (gloves unavailable)
SInv    +            (boots unavailable)
Will    .....        (no amulet)
Stlth   +            W - ring of wizardry
HPRegen 0.23/turn    (no ring)
MPRegen 0.09/turn

%: wizardry (x1)
@: no status effects
A: very small, claws 1, fangs 3, see invisible, shaggy fur 1, stealthy paws, no
weapons or thrown items, no armour, multi-lived
a: Renounce Religion, Fiery Armour, Foxfire Swarm, Rising Flame


You were on level 1 of the Dungeon.
You worshipped Ignis.
Ignis was extremely pleased with you.
You visited 1 branch of the dungeon, and saw 2 of its levels.

You collected 58 gold pieces.

Inventory:

Jewellery
 W - a ring of wizardry (left paw)
Scrolls
 b - a scroll of identify
 c - a scroll of enchant armour
 d - a scroll of teleportation {unknown}
 e - 2 scrolls of silence {unknown}
Potions
 a - a potion of ambrosia {unknown}


   Skills:
 - Level 3.0 Fighting
 + Level 3.2 Dodging
 - Level 3.0 Unarmed Combat
 - Level 1.0 Spellcasting
 + Level 3.0 Fire Magic


You had 2 spell levels left.
You knew the following spells:

 Your Spells              Type           Power      Damage    Failure   Level
z - Scorch                Fire           24%        2d6       3%          2

Your spell library contained the following spells:

 Spells                   Type           Power      Damage    Failure   Level
 Inner Flame              Hex/Fire       6%         N/A       12%         3
 Irradiate                Conj/Alch      0%         3d11      87%         5
 Ignition                 Fire           6%         3d4       100%        8


Dungeon Overview and Level Annotations

Branches:
Dungeon (2/15)

Altars:

Annotations:
D:2 Robin


Innate Abilities, Weirdness & Mutations

You have sharp claws.
You have razor-sharp teeth.
You have supernaturally acute eyesight. (SInv)
You are covered in fur. (AC +1)
Your paws help you pounce on unaware monsters.
You are incapable of wielding weapons or throwing items.
You cannot wear armour.
You gain extra lives every three experience levels.


Message History

The kobold hits something with a +0 dagger.
Things that are here:
a +0 dagger; a goblin corpse You barely miss the goblin.
The goblin hits you with a +0 dagger.
A goblin comes into view. It is wielding a +0 club.
You barely miss the goblin. Your bite misses the goblin.
The goblin hits you with a +0 dagger.
Robin of the Strong Arm comes into view.
They are wielding a +0 spear of flaming.
You barely miss the goblin. The goblin closely misses you.
Robin roars a battlecry!
The goblins go into a battle-frenzy!
Robin throws the goblin at you! The goblin attacks as it pursues you!
The goblin barely misses you. The goblin hits you with a +0 club.
The goblin completely misses you.
A goblin comes into view. It is wielding a +0 club.
Robin roars a battlecry!
The goblin completely misses you. The goblin attacks as it pursues you!
The goblin misses you.
You hear a shout!
The goblin attacks as it pursues you! The goblin closely misses you.
The goblin attacks as it pursues you! The goblin completely misses you.
Robin throws the goblin at you! The goblin closely misses you.
The goblin attacks as it pursues you! The goblin completely misses you.
The goblin attacks as it pursues you! The goblin completely misses you.
There is a stone staircase leading up here.
The goblin closely misses you. The goblin misses you.
The goblin closely misses you.
You climb upwards.
There is a stone staircase leading down here.
The goblin hits you with a +0 club.
* * * LOW HITPOINT WARNING * * *
The goblin barely misses you. The goblin hits you with a +0 dagger.
You die...
You rejoin the land of the living...
Unknown command.
Unknown command.
Unknown command.
Are you sure you want to abandon this character and quit the game? (Confirm with "yes".)

....................###
..###########.##......#
### ##.........# .####
####..#.......# ....###
#....##.......#
###...###.######......#
..###.....## #......#
..###>###..# #......#
..#........## #@.....#
.......#....#############
...............#####....#
.........#.#............#
.........#..............#
.........#.........#....#
........##.........#....#
#.......##.........#....#
........##.†.......#....#


There were no monsters in sight!

Vanquished Creatures
  6 endoplasms (D:1)
  2 giant cockroaches
  A hobgoblin (D:1)
  4 jackals (D:1)
  A quokka (D:1)
  A ball python (D:1)
  2 bats (D:1)
  2 frilled lizards
  4 goblins
  A kobold (D:2)
  3 rats (D:1)
27 creatures vanquished.

Notes
Turn   | Place    | Note
-------+----------+-------------------------------------------
     0 | D:1      | Armakuni the Felid Cinder Acolyte began the quest for the
                  | Orb.
     0 | D:1      | Reached XP level 1. HP: 12/12 MP: 3/3
   106 | D:1      | Reached skill level 1 in Dodging
   162 | D:1      | Reached XP level 2. HP: 16/16 MP: 4/4
   237 | D:1      | Learned a level 2 spell: Scorch
   870 | D:2      | Reached XP level 3. HP: 20/20 MP: 2/5
   874 | D:2      | Noticed Robin
   887 | D:1      | Slain by a goblin
   887 | D:1      | Lost a life (0 lives remaining)
   888 | D:1      | Quit the game

Illustrated notes

Levels and vault maps discovered:
D:1:      minmay_arrival_checkered_box, layout_rooms
D:2:      layout_loops_cross, ebering_ecumenical_altar_petrified, uniq_robin

Skill      XL: |  1  2 |
---------------+-------+-----
Dodging        | 2 3 |  3.2
Fire Magic     | 3 |  3.0
Fighting       | |  3.0
Unarmed Combat | |  3.0
Spellcasting   | |  1.0

Action                     || total
---------------------------++-------
  Melee: Unarmed           ||    38
         Bite              ||     3
         Punch             ||     2
   Cast: Scorch            ||    13
    Use: Scroll            ||     1
 Armour: Skin              ||    18
  Dodge: Dodged            ||    42
